 Dungeon Crawl Stone Soup version 0.31-a0-102-g33a4ccc0cb (webtiles) character file.

Game seed: 9757038694302423855

6 Esekla the Sneak (level 1, -2/16 HPs)
             Began as an Octopode Delver on May 26, 2023.
             Was an Initiate of Gozag.
             Splashed by a jelly's acid (7 damage)
             ... on level 5 of the Dungeon.
             The game lasted 00:01:50 (196 turns).

Esekla the Sneak (Octopode Delver)                   Turns: 196, Time: 00:01:51

Health: -2/16      AC: -3    Str: 11    XL:     1   Next: 90%
Magic:  1/1        EV: 13    Int: 12    God:    Gozag
Gold:   15         SH:  0    Dex: 13    Spells: 0/0 levels left

rFire   . . .        a - +0 falchion
rCold   . . .        (no shield)
rNeg    . . .        (helmet restricted)
rPois   .            (no amulet)
rElec   .            c - ring of see invisible
rCorr   .            (no ring)
SInv    +            (no ring)
Will    .....        (no ring)
Stlth   ++++         (no ring)
HPRegen 0.22/turn    (no ring)
MPRegen 0.07/turn    (no ring)
                     (no ring)

%: no passive effects
@: corroded, gold aura, hasted, very quick
A: almost no armour, amphibious, 8 rings, camouflage 1, gelatinous body 1,
(nimble swimmer 1), tentacles
a: Renounce Religion, Potion Petition, Call Merchant, Bribe Branch


You were on level 5 of the Dungeon.
You worshipped Gozag.
Gozag was noncommittal.
You visited 2 branches of the dungeon, and saw 2 of its levels.

You collected 16 gold pieces.
You paid 1 gold pieces to Gozag.

Inventory:

Hand Weapons
 a - a +0 falchion (weapon)
Jewellery
 c - a ring of see invisible (left tentacle)
Wands
 f - a wand of digging (3)
Scrolls
 b - a scroll of fog
Potions
 g - a potion of curing {unknown}


   Skills:
 * Level 3.0 Fighting
 * Level 2.0 Long Blades
 * Level 2.0 Dodging
 + Level 6.8 Stealth
 * Level 0.2 Spellcasting


You couldn't memorise any spells.
You didn't know any spells.
Your spell library was empty.

Dungeon Overview and Level Annotations

Branches:
Dungeon (5/15)             Temple (1/1) D:5

Altars:
Cheibriados
Gozag
Hepliaklqana
Kikubaaqudgha
Makhleb
Okawaru
Ru
Trog
Uskayaw
Vehumet
Wu Jian
Yredelemnul
Zin
The Shining One

Portals:
Ossuary: D:5


Innate Abilities, Weirdness & Mutations

You cannot wear most types of armour.
You are amphibious.
You can wear up to eight rings at the same time.
Your skin changes colour to match your surroundings (Stealth+).
Your rubbery body absorbs attacks. (AC +1, EV +1)
((You are camouflaged when in or above water. (Stealth+)))
You have tentacles for arms and can constrict up to eight enemies at once.


Message History

An orc comes into view. It is wielding a +0 falchion.
You feel yourself speed up.
Found a stone staircase leading up.
The orc closely misses you. The orc misses you.
Found a glowing scarf.
The orc yells, "Help!"
Found an encrusted jade ring.
You see here a ring of see invisible.
c - a ring of see invisible
Found a sand-covered staircase.
c - a ring of see invisible (left tentacle)
You start resting.
There are monsters nearby!
You hit the orc. You grab the orc.
The orc is lightly wounded.
You constrict the orc, but do no damage.
The orc misses you.
You hit the orc.
The orc is moderately wounded.
You constrict the orc. The orc misses you.
You hit the orc.
You kill the orc!
You barely miss the orc. Your grab misses the orc.
The orc hits you with a +0 hand axe.
You completely miss the orc. Your grab misses the orc.
You squeeze the orc, but do no damage. The orc closely misses you.
You hit the orc. Your grab misses the orc.
The orc is heavily wounded.
The orc barely misses you.
You barely miss the orc. You grab the orc.
You tentacle-slap the orc, but do no damage.
The orc is heavily wounded.
You constrict the orc, but do no damage.
You hit the orc but do no damage. You squeeze the orc.
You kill the orc!
You hit the jelly.
Your tentacles burn!
Your squeeze misses the jelly.
The jelly is lightly wounded.
The jelly hits you. The acid corrodes you!
You are splashed with acid!
You die...
Your body crumbles into a pile of gold.

***,,...............####.#***
*..
**,,.[.........J..####...,***##
**,,.....................,***,
****#.####>..Zo.#######.,,**,
#.#......o..# **,,*,,
*,#.######..# **,,>***
*,#,#.,,,#..# *,,,,*,,
*,,,#..###..# ***,***,
***,#∩..@JZ.# *,**,,
*,#..###..# *,**,* *,#.,,,#..#
*,**,, *,#****#..# *,***,
*,,,,,,...# *,**,, *******####
*,**** *,**,, *,***, *,,,,,


You could see a jelly and a quokka zombie.

Vanquished Creatures
  3 orcs (D:5)
3 creatures vanquished.

Notes
Turn   | Place    | Note
-------+----------+-------------------------------------------
     0 | D:5      | Esekla the Octopode Delver began the quest for the Orb.
     0 | D:5      | Reached XP level 1. HP: 16/16 MP: 1/1
    23 | D:5      | Found a staircase to the Ecumenical Temple.
    26 | D:5      | Noticed an iguana
    39 | Temple   | Entered the Ecumenical Temple
   125 | Temple   | Became a worshipper of Gozag Ym Sagoz the Greedy
   154 | D:5      | Noticed a jelly
   158 | D:5      | Noticed an orc priest
   179 | D:5      | Found a sand-covered staircase.
   196 | D:5      | Splashed by a jelly's acid

Illustrated notes

Levels and vault maps discovered:
D:5:      layout_rooms, mainiacjoe_overflow_24_doors,
          minmay_temple_entry_slanted, serial_glass, glass_columns_a,
          glass_columns_c, enter_ossuary_4, minmay_misc_feat_alley,
          serial_bayou_lagoon_a, hangedman_abyss_or_decor_stagger,
          minmay_crystal_water, dk_noncrumbling_3
Temple:   nicolae_temple_bog_church

Action                     || total
---------------------------++-------
  Melee: Falchion          ||    11
         Constrict         ||     3
         Tentacles         ||     2
         Punch             ||     1
    Use: Scroll            ||     2
         Potion            ||     1
  Dodge: Dodged            ||     7

Table legend: (Time is in decaauts)
 A = Elapsed time spent in this place.
 B = Non-inter-level travel time spent in this place.
 C = Inter-level travel time spent in this place.
 D = Time resting spent in this place.
 E = Time spent auto-exploring this place.
 F = Levels seen in this place.
 G = Mean time per level.
                   A        B        C        D        E       F      G
               +--------+--------+--------+--------+--------+-----+--------+
         Total |    186 |    166 |     20 |      2 |     65 |   2 |   93.0 |
       Dungeon |     79 |     79 |      0 |      2 |      0 |   1 |   79.0 |
        Temple |    106 |     86 |     20 |      0 |     65 |   1 |  106.0 |
               +--------+--------+--------+--------+--------+-----+--------+

Top non-repeatable levels by time:
  Temple: 106 daAuts
     D:5: 79 daAuts
